 Dungeon Crawl Stone Soup version 0.21-a0-630-g344d351 (webtiles) character file.

2063 tsouns the Purveyor of Pain (level 9, -20/65 HPs)
             Began as a Gnoll Necromancer on Dec 26, 2017.
             Was an Initiate of Kikubaaqudgha.
             Demolished by EnegeticOcto's ghost (30 damage)
             ... on level 8 of the Dungeon.
             The game lasted 00:27:48 (6887 turns).

tsouns the Purveyor of Pain (Gnoll Necromancer)     Turns: 6887, Time: 00:27:50

Health: -20/65     AC:  3    Str: 10    XL:     9   Next: 25%
Magic:  16/18      EV: 16    Int: 20    God:    Kikubaaqudgha [......]
Gold:   457        SH:  0    Dex: 17    Spells: 3/20 levels left

rFire    . . .     SeeInvis .   o - +4 dire flail (holy)
rCold    . . .     Gourm    .   (shield currently unavailable)
rNeg     . . .     Faith    .   a - +1 robe
rPois    .         Spirit   .   (no helmet)
rElec    .         Reflect  .   (no cloak)
rCorr    .         Harm     .   (no gloves)
MR       .....                  (no boots)
Stlth    +++.......             (no amulet)
HPRegen  0.20/turn              (no ring)
MPRegen  0.16/turn              (no ring)

@: no status effects
A: distributed training, fangs 1, strong nose
a: Renounce Religion


You were on level 8 of the Dungeon.
You worshipped Kikubaaqudgha.
Kikubaaqudgha was noncommittal.
You were not hungry.

You visited 2 branches of the dungeon, and saw 9 of its levels.

You collected 457 gold pieces.

Inventory:

Hand Weapons
 g - a +1 hand axe
 m - a +4 hand axe of chopping
 o - a +4 dire flail of holy wrath (weapon)
 s - a +0 trident of freezing
Missiles
 e - 170 stones (quivered)
 j - 3 tomahawks
 x - 2 throwing nets
Armour
 a - a +1 robe (worn)
 p - a +2 buckler
Magical Staves
 w - an uncursed staff of air
Wands
 y - a wand of flame (16)
 z - a wand of enslavement (13)
Scrolls
 d - 6 scrolls of remove curse
 f - 2 scrolls of teleportation
 r - a scroll of enchant weapon
 u - 2 scrolls of magic mapping
 A - a scroll of fog
Potions
 h - 6 potions of curing
 i - 2 potions of resistance
 k - a potion of agility
 q - 2 potions of lignification
 t - a potion of haste {unknown}
 v - 2 potions of flight
 B - a potion of invisibility {unknown}
Books
 b - a book of Necromancy

   Spells                             Type                      Level
   a - Pain                           Necromancy                   1
   b - Animate Skeleton               Necromancy                   1
   c - Vampiric Draining              Necromancy                   3
   d - Regeneration                   Charms/Necromancy            3
   e - Animate Dead                   Necromancy                   4
   f - Borgnjor's Vile Clutch         Necromancy/Earth             5
 l - a book of Maledictions

   Spells                             Type                      Level
   a - Corona                         Hexes                        1
   b - Ensorcelled Hibernation        Hexes/Ice                    2
   c - Confuse                        Hexes                        3
   d - Tukima's Dance                 Hexes                        3
   e - Dazzling Spray                 Conjuration/Hexes            3
Comestibles
 c - 13 rations


   Skills:
 + Level 4.0 Fighting
 + Level 4.0 Short Blades
 + Level 4.0 Long Blades
 + Level 4.0 Axes
 + Level 4.0 Maces & Flails
 + Level 4.0 Polearms
 + Level 4.0 Staves
 + Level 4.0 Slings
 + Level 4.0 Bows
 + Level 4.0 Crossbows
 + Level 4.0 Throwing
 + Level 4.0 Armour
 + Level 6.1 Dodging
 + Level 5.8 Stealth
 + Level 4.0 Shields
 + Level 4.0 Unarmed Combat
 + Level 6.4 Spellcasting
 + Level 3.2 Conjurations
 + Level 3.2 Hexes
 + Level 3.2 Charms
 + Level 3.2 Summonings
 + Level 7.9 Necromancy
 + Level 3.2 Translocations
 + Level 3.2 Transmutations
 + Level 3.2 Fire Magic
 + Level 3.2 Ice Magic
 + Level 3.2 Air Magic
 + Level 3.2 Earth Magic
 + Level 3.2 Poison Magic
 + Level 4.4 Invocations
 + Level 4.0 Evocations


You had 3 spell levels left.
You knew the following spells:

 Your Spells              Type           Power        Failure   Level  Hunger
a - Pain                  Necr           ####         1%          1    None
b - Animate Skeleton      Necr           N/A          1%          1    None
c - Vampiric Draining     Necr           #####.....   1%          3    ##.....
d - Animate Dead          Necr           N/A          3%          4    ####...
e - Confuse               Hex            ###.....     8%          3    ##.....
f - Borgnjor's Vile Clut  Necr/Erth      ####......   26%         5    #####..


Dungeon Overview and Level Annotations

Branches:
Dungeon (8/15)             Temple (1/1) D:6
   Lair: D:8-11

Altars:
Ashenzari
Cheibriados
Dithmenos
Elyvilon
Fedhas
Gozag
Hepliaklqana
Kikubaaqudgha
Makhleb
Nemelex Xobeh
Okawaru
Qazlal
Ru
Sif Muna
Trog
Uskayaw
Vehumet
Wu Jian
Xom
Yredelemnul
Zin
The Shining One

Shops:
D:2 *

Annotations:
D:8 EnegeticOcto's ghost, novice TrCK


Innate Abilities, Weirdness & Mutations

Your experience applies equally to all skills.
You have very sharp teeth.
Your uncanny sense of smell can sniff out nearby items.


Message History

EnegeticOcto's ghost barely misses your hound zombie.
Your hound zombie bites EnegeticOcto's ghost.
Your hound zombie closely misses EnegeticOcto's ghost.
Your hound zombie bites EnegeticOcto's ghost.
Evoke which item? (* to show all) (? for menu, Esc to quit)
Aiming: Enslavement
Press: ? - help, Shift-Dir - straight line, f - EnegeticOcto's ghost
Aim: EnegeticOcto's ghost (heavily damaged, chance to defeat MR: 24%)
Okay, then.
It was a potion of lignification.
You turn into a tree.
Your +1 robe melds into your body.
Your roots penetrate the ground.
Your hound zombie bites EnegeticOcto's ghost.
It was a potion of flight.
Your roots keep you in place.
It was a potion of cancellation.
Your magical effects are unravelling.
You feel magically purged.
You feel less wooden.
Your +1 robe unmelds from your body.
EnegeticOcto's ghost hits you!!
You die...
Kikubaaqudgha rasps: "You have failed me!
Welcome... death!"

##################
#.................
#.################
#>.......
#@####### #W# #Z#
#.#### #....#
#........#
#.###....# #....#
.....#


You could see EnegeticOcto's ghost and a friendly hound zombie.

Vanquished Creatures
  The ghost of DEFE the Cutter, a novice DEAM (D:5)
  Prince Ribbit (D:8)
  An orc warrior (D:6)
  A sky beast (D:6)
  A black bear (D:7)
  3 phantoms
  An ogre (D:6)
  A centaur (D:7)
  Blork the orc (D:4)
  A scorpion (D:5)
  A howler monkey (D:5)
  2 crimson imps
  2 jellies
  A hound (D:8)
  3 orc priests
  A centaur skeleton (D:5)
  3 orc wizards (D:7)
  6 worker ants
  A hound skeleton (D:5)
  6 adders
  4 gnolls
  2 oozes
  4 dart slugs
  3 worms
  4 leopard geckos
  16 orcs
  5 ball pythons (D:2)
  5 bats
  A giant cockroach (D:8)
  6 goblins
  6 hobgoblins
  4 jackals
  6 kobolds
  3 quokkas
  6 frilled lizards
  2 leopard gecko skeletons
  6 rats
  A fungus (D:4)
122 creatures vanquished.

Vanquished Creatures (collateral kills)
  A bullfrog zombie (D:5)
  An orc priest (D:7)
  An orc wizard (D:7)
  A howler monkey zombie (D:3)
  An orc (D:5)
  A leopard gecko zombie (D:7)
6 creatures vanquished.

Grand Total: 128 creatures vanquished

Notes
Turn   | Place    | Note
-------+----------+-------------------------------------------
     0 | D:1      | tsouns the Gnoll Necromancer began the quest for the Orb.
     0 | D:1      | Reached XP level 1. HP: 13/13 MP: 6/6
     2 | D:1      | Learned a level 1 spell: Animate Skeleton
   133 | D:1      | Reached XP level 2. HP: 18/19 MP: 5/7
   331 | D:1      | Reached XP level 3. HP: 12/25 MP: 1/9
   538 | D:1      | Reached skill level 5 in Spellcasting
   881 | D:2      | Reached skill level 1 in Invocations
   944 | D:2      | Learned a level 3 spell: Vampiric Draining
  1013 | D:2      | Found Zin's Purification Station.
  1013 | D:2      | Found a glowing silver altar of Zin.
  1035 | D:2      | Reached skill level 1 in Fighting
  1035 | D:2      | Reached skill level 1 in Short Blades
  1035 | D:2      | Reached skill level 1 in Long Blades
  1035 | D:2      | Reached skill level 1 in Axes
  1035 | D:2      | Reached skill level 1 in Maces & Flails
  1035 | D:2      | Reached skill level 1 in Polearms
  1035 | D:2      | Reached skill level 1 in Staves
  1035 | D:2      | Reached skill level 1 in Slings
  1035 | D:2      | Reached skill level 1 in Bows
  1035 | D:2      | Reached skill level 1 in Crossbows
  1035 | D:2      | Reached skill level 1 in Throwing
  1035 | D:2      | Reached skill level 1 in Armour
  1035 | D:2      | Reached skill level 1 in Shields
  1035 | D:2      | Reached skill level 1 in Unarmed Combat
  1035 | D:2      | Reached skill level 1 in Evocations
  1052 | D:2      | Reached XP level 4. HP: 10/32 MP: 0/11
  1864 | D:3      | Learned a level 4 spell: Animate Dead
  1912 | D:3      | Reached skill level 1 in Conjurations
  1912 | D:3      | Reached skill level 1 in Hexes
  1912 | D:3      | Reached skill level 1 in Charms
  1912 | D:3      | Reached skill level 1 in Summonings
  1912 | D:3      | Reached skill level 1 in Translocations
  1912 | D:3      | Reached skill level 1 in Transmutations
  1912 | D:3      | Reached skill level 1 in Fire Magic
  1912 | D:3      | Reached skill level 1 in Ice Magic
  1912 | D:3      | Reached skill level 1 in Air Magic
  1912 | D:3      | Reached skill level 1 in Earth Magic
  1912 | D:3      | Reached skill level 1 in Poison Magic
  1928 | D:3      | Noticed a phantom
  2187 | D:3      | Reached XP level 5. HP: 30/37 MP: 7/12
  2392 | D:4      | Learned a level 3 spell: Confuse
  2588 | D:4      | Found a white marble altar of Elyvilon.
  2607 | D:4      | Found an opulent altar of Gozag.
  2663 | D:4      | Found a sacrificial altar of Ru.
  2734 | D:4      | Noticed Blork the orc
  2761 | D:4      | Found a hide-covered altar of Uskayaw.
  2884 | D:4      | Killed Blork the orc
  3011 | D:4      | Found a hazy altar of Hepliaklqana.
  3125 | D:3      | Killed a phantom
  3125 | D:3      | Reached XP level 6. HP: 28/44 MP: 0/13
  3454 | D:5      | Entered Level 5 of the Dungeon
  3454 | D:5      | Found an ornate altar of the Wu Jian Council.
  3497 | D:5      | Reached skill level 5 in Dodging
  3657 | D:5      | Reached XP level 7. HP: 36/50 MP: 12/15
  3692 | D:5      | Found a stormy altar of Qazlal.
  3703 | D:5      | Found a glowing golden altar of the Shining One.
  3710 | D:5      | Found a basalt altar of Yredelemnul.
  3774 | D:5      | Noticed DEFE's ghost (novice DEAM)
  3804 | D:4      | Learned a level 5 spell: Borgnjor's Vile Clutch
  3986 | D:5      | Found a snail-covered altar of Cheibriados.
  4085 | D:5      | Killed DEFE's ghost
  4085 | D:5      | Reached skill level 5 in Stealth
  4167 | D:5      | Found a radiant altar of Vehumet.
  4360 | D:6      | Reached XP level 8. HP: 54/57 MP: 10/16
  4724 | D:5      | Found a shimmering altar of Xom.
  4724 | D:5      | Found a bloodstained altar of Trog.
  4752 | D:6      | Found a staircase to the Ecumenical Temple.
  4789 | Temple   | Entered the Ecumenical Temple
  4831 | Temple   | Became a worshipper of Kikubaaqudgha
  6101 | D:7      | Found a deep blue altar of Sif Muna.
  6120 | D:7      | Reached XP level 9. HP: 61/65 MP: 12/18
  6605 | D:8      | Noticed Prince Ribbit
  6670 | D:8      | Killed Prince Ribbit
  6875 | D:8      | Noticed EnegeticOcto's ghost (novice TrCK)
  6887 | D:8      | Demolished by EnegeticOcto's ghost

Vault maps used:
D:1:      nicolae_arrival_memento_mori
D:2:      zin_purify, first_ration, minmay_shallow_snake_nest
D:4:      nicolae_ru_the_path_less_chosen, marbit_many_paths,
          grunt_gozag_breadcrumbs, lemuel_crystal_altar, kennysheep_flooded_box,
          uniq_blork_the_orc
D:5:      lemuel_doored_altar, overflow_temple_1_default,
          nicolae_overflow_hidden_temple, nicolae_overflow_crystal_walls,
          minmay_overflow_temple_star_quad, kennysheep_path_1,
          nrook_loot_triangle, corexii_corridor_pit
D:6:      minmay_temple_entry_glass
D:7:      basic_altar, minivault_22
D:8:      serial_shops, shop, uniq_erica, uniq_prince_ribbit1
Temple:   kb_temple_of_zot

Skill      XL: |  1  2  3  4  5  6  7  8  9 |
---------------+----------------------------+-----
Spellcasting   | 5 6 |  6.4
Invocations    | 1 2 3 4 |  4.4
Fighting       | 1 2 3 4 |  4.0
Short Blades   | 1 2 3 4 |  4.0
Long Blades    | 1 2 3 4 |  4.0
Axes           | 1 2 3 4 |  4.0
Maces & Flails | 1 2 3 4 |  4.0
Polearms       | 1 2 3 4 |  4.0
Staves         | 1 2 3 4 |  4.0
Slings         | 1 2 3 4 |  4.0
Bows           | 1 2 3 4 |  4.0
Crossbows      | 1 2 3 4 |  4.0
Throwing       | 1 2 3 4 |  4.0
Armour         | 1 2 3 4 |  4.0
Shields        | 1 2 3 4 |  4.0
Unarmed Combat | 1 2 3 4 |  4.0
Evocations     | 1 2 3 4 |  4.0
Conjurations   | 1 2 3 |  3.2
Hexes          | 1 2 3 |  3.2
Charms         | 1 2 3 |  3.2
Summonings     | 1 2 3 |  3.2
Translocations | 1 2 3 |  3.2
Transmutations | 1 2 3 |  3.2
Fire Magic     | 1 2 3 |  3.2
Ice Magic      | 1 2 3 |  3.2
Air Magic      | 1 2 3 |  3.2
Earth Magic    | 1 2 3 |  3.2
Poison Magic   | 1 2 3 |  3.2
Dodging        | 5 6 |  6.1
Stealth        | 5 |  5.8
Necromancy     | |  7.9

Action                   |  1- 3 |  4- 6 |  7- 9 || total
-------------------------+-------+-------+-------++-------
Melee: Hand axe          |     4 |    32 |       ||    36
       Bite              |       |     8 |     2 ||    10
       Dire flail        |       |    20 |    42 ||    62
Throw: Stone             |       |       |     1 ||     1
 Cast: Pain              |    52 |    58 |   134 ||   244
       Animate Skeleton  |     5 |     8 |    10 ||    23
       Animate Dead      |       |     1 |     8 ||     9
       Confuse           |       |     3 |     2 ||     5
       Vampiric Draining |       |     2 |    13 ||    15
       Borgnjor's Vile C |       |       |     1 ||     1
Evoke: Wand              |       |       |     5 ||     5
  Use: Scroll            |     6 |     2 |     8 ||    16
       Potion            |     1 |       |     4 ||     5
 Stab: Sleeping          |       |     2 |     1 ||     3
  Eat: Chunk             |       |     4 |     3 ||     7
       Ration            |       |     2 |     2 ||     4
Armor: Robe              |     1 |       |    11 ||    12
Dodge: Dodged            |    18 |    39 |    60 ||   117

Table legend:
 A = Spawn XP
 B = Non-spawn XP
 C = Spawn XP percentage of total XP
 D = Spawn monster count
 E = Non-spawn monster count
 F = Spawn count percentage of total count
 G = Total turns spent on level
                    A         B        C        D         E        F      G
               +---------+---------+-------+---------+---------+-------+---------
         Total |       0 |    2948 |   0.0 |       0 |     127 |   0.0 |  6887
               +---------+---------+-------+---------+---------+-------+---------
           D:1 |       0 |      53 |   0.0 |       0 |      21 |   0.0 |   872
           D:2 |       0 |      62 |   0.0 |       0 |      18 |   0.0 |   909
           D:3 |       0 |     187 |   0.0 |       0 |      19 |   0.0 |   875
           D:4 |       0 |      96 |   0.0 |       0 |       3 |   0.0 |   840
           D:5 |       0 |     776 |   0.0 |       0 |      22 |   0.0 |   853
           D:6 |       0 |     452 |   0.0 |       0 |      10 |   0.0 |   829
           D:7 |       0 |     955 |   0.0 |       0 |      30 |   0.0 |  1170
           D:8 |       0 |     367 |   0.0 |       0 |       4 |   0.0 |   427
               +---------+---------+-------+---------+---------+-------+---------
